AoeStats
← Kamißon

Arena

508690690Analyzed
4v4 RM · 8d ago on Sep 23, 2026· 25m 44s· 8 players
Game mode
Random Map
Map size
Large (8 player)
Population
200
Speed
Normal
Resources
Standard
Victory
Conquest
Starting age
Dark Age
Ending age
Imperial Age
RankedLock teamsTeams togetherTeam positionsShared explorationLock speedFull tech treeHidden civsTurbo modeCheats
Victory
Defeat
🇹🇷 Mongols · Türkiye
986
+12
🇹🇷 Franks · Türkiye
968
+13
🇹🇷 Jurchens · Türkiye
934
+14
🇹🇷 Turks · Türkiye
908
+16
🇧🇷 Mongols · Brazil
939
-15
🇻🇳 Byzantines · Vietnam
900
-14
🇳🇱 Khmer · Netherlands
879
-13
🇨🇳 Franks · China
878
-13
moose45
13:21 Feudal Age
14:29 Horse Collar
14:36 Double-Bit Axe
17:38 Castle Age
15:31 Gold Mining
16:53 Stone Mining
17:18 Forging
17:37 Scale Barding Armor
20:37 Bow Saw
20:58 Loom
24:29 Stone Shaft Mining
24:27 Fletching
24:46 Town Watch
Angoy.
10:32 Feudal Age
14:46 Castle Age
13:42 Double-Bit Axe
14:25 Gold Mining
14:27 Stone Mining
Will
8:58 Feudal Age
9:41 Loom
9:47 Double-Bit Axe
12:31 Horse Collar
17:15 Castle Age
16:12 Fletching
18:20 Wheelbarrow
18:22 Bow Saw
19:39 Thumb Ring
20:20 Bodkin Arrow
20:26 Padded Archer Armor
24:55 Heavy Plow
26:01 Leather Archer Armor
dungnody
11:36 Feudal Age
13:42 Double-Bit Axe
16:42 Castle Age
15:05 Horse Collar
22:42 Wheelbarrow
23:22 Pikeman
Kamißon
11:02 Feudal Age
16:13 Castle Age
15:24 Wheelbarrow
16:01 Horse Collar
16:09 Double-Bit Axe
19:48 Bow Saw
elfce
3:50 Loom
11:26 Feudal Age
18:01 Castle Age
17:50 Stone Mining
20:03 Gold Mining
20:03 Double-Bit Axe
20:28 Light Cavalry
21:50 Husbandry
22:00 Scale Barding Armor
24:34 Light Cavalry
Wallcanes
12:04 Feudal Age
16:27 Castle Age
14:40 Double-Bit Axe
14:55 Horse Collar
22:07 Imperial Age
20:34 Gold Mining
25:16 Wheelbarrow
default
7:09 Loom
11:08 Feudal Age
15:02 Castle Age
13:15 Double-Bit Axe
13:53 Horse Collar
24:58 Scale Barding Armor
Connection lost

Rejoining the realm…

Still unreachable

The connection could not be restored.

Session expired

The server has moved on; the page needs a fresh start.